 Dungeon Crawl Stone Soup version 0.19.0-19-g8c6edcc (webtiles) character file.

389 theRoog the Poker (level 6, 0/56 HPs)
             Began as a Minotaur Berserker on Nov 14, 2016.
             Was a Priest of Trog.
             Slain by a bullfrog zombie (5 damage)
             ... on level 4 of the Dungeon.
             The game lasted 00:04:07 (1754 turns).

theRoog the Poker (Minotaur Berserker)              Turns: 1754, Time: 00:04:08

Health: 0/56       AC:  3    Str: 24    XL:     6   Next: 49%
Magic:  5/5        EV: 12    Int:  4    God:    Trog [***...]
Gold:   179        SH:  0    Dex:  9    Spells: 0 memorised, 5 levels left

rFire  . . .     SeeInvis .     f - +1 spear (venom)
rCold  . . .     Gourm    .     k - +0 leather armour (curse)
rNeg   . . .     Faith    .     (no shield)
rPois  .         Spirit   .     (helmet restricted)
rElec  .         Reflect  .     (no cloak)
rCorr  .         Harm     .     (no gloves)
MR     .....                    (no boots)
Stlth  +.........               (no amulet)
                                (no ring)
                                (no ring)

@: exhausted, slowed, very slow
A: retaliatory headbutt, horns 2
a: Berserk, Trog's Hand, Burn Spellbooks, Renounce Religion


You were on level 4 of the Dungeon.
You worshipped Trog.
Trog was most pleased with you.
You were not hungry.

You visited 1 branch of the dungeon, and saw 4 of its levels.

You collected 179 gold pieces.

Inventory:

Hand Weapons
 a - a +0 spear
 f - a +1 spear of venom (weapon)
 v - a +0 war axe
Missiles
 y - 3 tomahawks (quivered)
Armour
 b - a +0 animal skin
 k - a cursed +0 leather armour (worn)
 q - a +0 scale mail
Jewellery
 n - an uncursed amulet of guardian spirit {unknown}
 o - an uncursed ring of protection from fire {unknown}
Scrolls
 d - 5 scrolls of identify {unknown}
 g - a scroll of remove curse {unknown}
 l - a scroll of recharging {unknown}
 p - a scroll of random uselessness {unknown}
 s - a scroll of immolation {unknown}
 t - a scroll of enchant armour {unknown}
 u - a scroll of teleportation {unknown}
Potions
 e - 3 potions of heal wounds {unknown}
 j - 2 potions of brilliance {unknown}
 r - 2 potions of agility {unknown}
 w - a potion of ambrosia {unknown}
 x - a potion of lignification {unknown}
 z - a potion of haste {unknown}
Comestibles
 c - a bread ration
 h - 2 meat rations
 i - 3 slices of pizza
 m - 7 fruits


   Skills:
 + Level 5.5 Fighting
 + Level 6.1 Polearms
 + Level 4.1 Armour
 + Level 3.2 Dodging
 + Level 1.1 Stealth


You had 5 spell levels left.
You didn't know any spells.

Dungeon Overview and Level Annotations

Branches:
Dungeon (4/15)
 Temple: D:4-7

Altars:
Nemelex Xobeh


Innate Abilities, Weirdness & Mutations

You reflexively headbutt those who attack you in melee.
You have a pair of horns on your head.


Message History

The bullfrog zombie misses you. The orc closely misses you.
The bullfrog zombie closely misses you.
You puncture the orc!
You kill the orc!
Trog accepts your kill. The bullfrog zombie hits you.
* * * LOW HITPOINT WARNING * * *
The bullfrog zombie barely misses you.
The bullfrog zombie completely misses you.
Things that are here:
a mace; an orc corpse You hit the bullfrog zombie.
The bullfrog zombie is severely damaged.
The bullfrog zombie hits you.
* * * LOW HITPOINT WARNING * * *
The scorpion barely misses you. The bullfrog zombie barely misses you.
You hit the bullfrog zombie.
The bullfrog zombie is severely damaged.
The bullfrog zombie hits you.
You die...

### #.#### ########....##
########.##...#.....#
.......s@Z).........#
........))....>.....#
....>....)....##...######
.........<....##...##.##.
.........................
#...##...................
#... #...................
..$ ....................
#....................


You could see a scorpion and a bullfrog zombie.

Vanquished Creatures
  An orc priest (D:4)
  Terence (D:3)
  3 orc wizards
  2 hounds (D:2)
  A worker ant (D:4)
  4 gnolls
  2 adders
  3 worms (D:2)
  2 dart slugs
  2 leopard geckos (D:3)
  17 orcs
  3 giant cockroaches
  5 goblins
  11 hobgoblins
  2 jackals (D:3)
  A quokka (D:2)
  3 ball pythons
  6 bats
  4 frilled lizards (D:1)
  8 kobolds
  7 rats
88 creatures vanquished.

Notes
Turn   | Place    | Note
-------+----------+-------------------------------------------
     0 | D:1      | theRoog the Minotaur Berserker began the quest for the Orb.
     0 | D:1      | Reached XP level 1. HP: 19/19 MP: 0/0
   185 | D:1      | Reached XP level 2. HP: 26/27 MP: 1/1
   360 | D:1      | Reached skill level 4 in Polearms
   469 | D:2      | Reached ** piety under Trog
   477 | D:2      | Reached XP level 3. HP: 33/33 MP: 2/2
   540 | D:2      | Reached XP level 4. HP: 17/41 MP: 3/3
   718 | D:2      | Reached skill level 5 in Polearms
   849 | D:2      | Found a sparkling altar of Nemelex Xobeh.
  1050 | D:3      | Reached XP level 5. HP: 27/47 MP: 4/4
  1060 | D:3      | Reached skill level 5 in Fighting
  1078 | D:3      | Noticed Terence
  1086 | D:3      | Killed Terence
  1589 | D:4      | Reached *** piety under Trog
  1633 | D:4      | Reached XP level 6. HP: 36/56 MP: 5/5
  1650 | D:4      | Reached skill level 1 in Stealth
  1731 | D:4      | Reached skill level 6 in Polearms
  1754 | D:4      | Slain by a bullfrog zombie

Skill      XL: |  1  2  3  4  5  6 |
---------------+-------------------+-----
Fighting       | 4 5 |  5.5
Polearms       | 4 5 6 |  6.1
Armour         | 3 4 |  4.1
Dodging        | 3 |  3.2
Stealth        | 1 |  1.1

Action                   |  1- 3 |  4- 6 || total
-------------------------+-------+-------++-------
Melee: Spear             |    76 |   137 ||   213
       Headbutt          |     8 |    24 ||    32
Invok: Berserk           |       |     1 ||     1
       Trog's Hand       |       |     1 ||     1
  Eat: Bread ration      |       |     1 ||     1
Armor: Animal skin       |     3 |       ||     3
       Leather armour    |    10 |     8 ||    18
Dodge: Dodged            |    24 |    73 ||    97
